 Dungeon Crawl Stone Soup version 0.29-a0-1016-g236c7fd91e (webtiles) character file.

Game seed: 8761587036457166607

1322 drpainis the Covert (level 8, -9/37 HPs)
             Began as a Spriggan Enchanter on Aug 9, 2022.
             Was a Follower of Dithmenos.
             Killed from afar by an orc wizard (11 damage)
             ... with a puff of flame
             ... on level 6 of the Dungeon.
             The game lasted 00:13:44 (11520 turns).

drpainis the Covert (Spriggan Enchanter)           Turns: 11520, Time: 00:13:45

Health: -9/37      AC:  2    Str:  4    XL:     8   Next: 33%
Magic:  2/17       EV: 20    Int: 16    God:    Dithmenos [*.....]
Gold:   268        SH:  0    Dex: 24    Spells: 7/18 levels left

rFire   . . .      SeeInvis +   a - +1 dagger
rCold   . . .      Faith    .   (no shield)
rNeg    . . .      Spirit   .   b - +0 robe
rPois   .          Reflect  .   p - +0 hat
rElec   .          Harm     .   (no cloak)
rCorr   .          Rampage  .   (gloves unavailable)
Will    +....                   (boots unavailable)
Stlth   ++++++....              (no amulet)
HPRegen 0.12/turn               r - +4 ring of slaying
MPRegen 0.15/turn               o - +6 ring of dexterity

@: wreathed by umbra, very quick
A: very small, no large weapons, unfitting armour, see invisible, speed 3
a: Renounce Religion


You were on level 6 of the Dungeon.
You worshipped Dithmenos.
Dithmenos was aware of your devotion.
You visited 1 branch of the dungeon, and saw 6 of its levels.

You collected 268 gold pieces.

Inventory:

Hand Weapons
 a - a +1 dagger (weapon)
 q - a +5 sling
Missiles
 t - a throwing net (quivered)
Armour
 b - a +0 robe (worn)
 p - a +0 hat (worn)
Jewellery
 f - a ring of protection from fire
 o - a +6 ring of dexterity (right hand)
 r - a +4 ring of slaying (left hand)
Wands
 m - a wand of mindburst (6)
 n - a wand of polymorph (1)
Scrolls
 d - 2 scrolls of magic mapping {unknown}
 e - 2 scrolls of amnesia {unknown}
 g - 4 scrolls of identify {unknown}
 i - 2 scrolls of poison {unknown}
 j - a scroll of torment {unknown}
 s - a scroll of immolation {unknown}
 u - a scroll of teleportation {unknown}
 x - a scroll of noise {unknown}
Potions
 c - 3 potions of invisibility
 h - a potion of might {unknown}
 k - a potion of curing {unknown}
 l - a potion of haste {unknown}
 v - 2 potions of cancellation {unknown}
 w - a potion of flight {unknown}


   Skills:
 + Level 1.4 Fighting
 + Level 4.0 Short Blades
 + Level 3.9 Dodging
 + Level 9.8 Stealth
 + Level 5.7 Spellcasting
 + Level 5.9 Hexes
 + Level 3.0 Ice Magic


You had 7 spell levels left.
You knew the following spells:

 Your Spells              Type           Power      Damage    Failure   Level
a - Ensorcelled Hibernat  Hex/Ice        36%        N/A       3%          2
b - Confusing Touch       Hex            23%        N/A       3%          3
c - Tukima's Dance        Hex            23%        N/A       3%          3
d - Dazzling Flash        Conj/Hex       28%        N/A       13%         3

Your spell library contained the following spells:

 Spells                   Type           Power      Damage    Failure   Level
 Summon Guardian Golem    Hex/Summ       14%        N/A       13%         3
 Summon Small Mammal      Summ           16%        N/A       14%         1
 Call Canine Familiar     Summ           4%         N/A       38%         3
 Malign Gateway           Summ/Tloc      2%         N/A       100%        7
 Summon Horrible Things   Summ           2%         N/A       100%        8


Dungeon Overview and Level Annotations

Branches:
Dungeon (6/15)
 Temple: D:4-7

Altars:
Ashenzari
Cheibriados
Dithmenos
Fedhas
Hepliaklqana
Kikubaaqudgha
Sif Muna
Xom
The Shining One


Innate Abilities, Weirdness & Mutations

You are very small and have problems with some larger weapons.
You are too small for most types of armour.
You have supernaturally acute eyesight. (SInv)
You cover ground extremely quickly. (Speed+++)


Message History

You don't have enough magic to cast this spell.
There are monsters nearby!
Unknown command.
The orc wizard closely misses you. The orc wizard barely misses you.
The orc throws a stone.
The stone misses you.
The orc wizard gestures wildly while chanting.
The orc wizard flickers and vanishes for a moment.
Casting: Ensorcelled Hibernation (safe; 3% risk of failure)
Confirm with . or Enter, or press ? or * to list all spells.
Aiming: Ensorcelled Hibernation (safe; 3% risk of failure)
Press: ? - help, Shift-Dir - straight line, f/p - orc wizard
Aim: an orc wizard, wielding a staff of conjuration and wearing a +0 robe (moderately wounded, slightly transparent, chance to affect: 50%)
The orc wizard looks drowsy...
The orc throws a stone.
The stone hits the orc wizard but does no damage.
The orc wizard shouts!
You barely miss the orc wizard.
The orc wizard is moderately wounded.
You hit the orc wizard.
The orc wizard is heavily wounded.
The orc wizard gestures at you while chanting.
The magic dart hits you.
* * * LOW HITPOINT WARNING * * *
You closely miss the orc wizard.
The orc wizard is heavily wounded.
The orc wizard barely misses you. The orc misses you.
You barely miss the orc wizard.
The orc wizard is heavily wounded.
The orc wizard casts a spell at you. The magic dart hits you!
* * * LOW HITPOINT WARNING * * *
The orc closely misses you.
Unknown command.
Okay, then.
The orc throws a stone.
The stone closely misses the orc wizard.
The stone misses you.
The orc wizard gestures at you while chanting.
The puff of flame hits you!
You die...

#####...........
#........<......
###o..........
#.o.###.......
##.#####.##.###
##..##.......##.
#####..##....o...... .
.####.....##...o))....#. ...
.......@####..).........
.....####.#...##..[.........
..........###..............#
.....###......##...........#
... ##...................##
. #..#.####............##
####.#.<.....#..........##
#........#####..........##
#######.....####
#..............


You could see an orc wizard (invisible) and an orc.

Vanquished Creatures
  Grinder (D:5)
  A steam dragon (D:6)
  A water moccasin (D:5)
  An orc warrior (D:6)
  2 bullfrogs
  2 scorpions
  2 jellies
  A hound (D:5)
  An orc priest (D:5)
  Ijyb (D:3)
  A gnoll bouda (D:5)
  4 orc wizards
  4 iguanas
  6 gnolls
  4 adders
  An ufetubus (D:6)
  4 worms
  2 dart slugs
  10 orcs
  8 ball pythons
  A bat (D:2)
  An endoplasm (D:3)
  2 giant cockroaches
  10 goblins
  2 hobgoblins
  7 jackals (D:3)
  2 kobolds
  5 quokkas
  3 frilled lizards (D:1)
  8 rats
98 creatures vanquished.

Notes
Turn   | Place    | Note
-------+----------+-------------------------------------------
     0 | D:1      | drpainis the Spriggan Enchanter began the quest for the
                  | Orb.
     0 | D:1      | Reached XP level 1. HP: 9/9 MP: 5/5
   637 | D:1      | Reached XP level 2. HP: 11/13 MP: 6/6
   967 | D:1      | Reached skill level 5 in Stealth
  1229 | D:1      | Learned a level 2 spell: Ensorcelled Hibernation
  2305 | D:2      | Reached XP level 3. HP: 16/16 MP: 8/8
  2487 | D:2      | You fall into a shaft and drop 2 floors!
  2500 | D:3      | Found a glowing golden altar of the Shining One.
  2851 | D:4      | Reached XP level 4. HP: 8/21 MP: 4/9
  3341 | D:4      | Reached skill level 6 in Stealth
  3382 | D:4      | Learned a level 3 spell: Confusing Touch
  3386 | D:4      | Learned a level 3 spell: Tukima's Dance
  3648 | D:4      | Found a shimmering blue altar of Sif Muna.
  3745 | D:4      | Noticed a scorpion
  3746 | D:4      | Found a shadowy altar of Dithmenos.
  3751 | D:4      | Found a broken altar of Ashenzari.
  3751 | D:4      | Found a hazy altar of Hepliaklqana.
  3753 | D:4      | Found a snail-covered altar of Cheibriados.
  3754 | D:4      | Found a blossoming altar of Fedhas.
  3754 | D:4      | Found an ancient bone altar of Kikubaaqudgha.
  3755 | D:4      | Found a shimmering altar of Xom.
  3759 | D:4      | Killed a scorpion
  3760 | D:4      | Reached XP level 5. HP: 24/24 MP: 5/11
  3859 | D:4      | Became a worshipper of Dithmenos the Shadowed
  5028 | D:3      | Noticed Ijyb
  5169 | D:3      | Killed Ijyb
  7035 | D:4      | Reached skill level 1 in Ice Magic
  7273 | D:4      | Reached skill level 7 in Stealth
  7273 | D:4      | Reached XP level 6. HP: 10/29 MP: 4/12
  8114 | D:5      | Entered Level 5 of the Dungeon
  8799 | D:5      | Noticed Grinder
  8811 | D:5      | Killed Grinder
  8812 | D:5      | Reached skill level 1 in Fighting
  8812 | D:5      | Reached skill level 8 in Stealth
  8812 | D:5      | Reached skill level 5 in Hexes
  8812 | D:5      | Reached XP level 7. HP: 24/33 MP: 11/14
  8908 | D:5      | Learned a level 3 spell: Dazzling Flash
  9108 | D:5      | Reached * piety under Dithmenos
  9764 | D:5      | Reached skill level 5 in Spellcasting
 10176 | D:6      | Identified the +5 chain mail of Wicked Surprise {Fly Will+}
 10187 | D:6      | HP: 1/33 [orc warrior/+0 glaive (11)]
 10853 | D:6      | Reached XP level 8. HP: 37/37 MP: 14/17
 10892 | D:6      | Reached skill level 9 in Stealth
 11520 | D:6      | Killed from afar by an orc wizard

Illustrated notes

Levels and vault maps discovered:
D:1:      mrwooster_arrival_statue_2, layout_loops_ring
D:2:      layout_rooms, hangedman_decor_growths, minmay_indecisive_spiral
D:3:      kennysheep_goblin_castle, layout_basic, nicolae_overflow_hidden_temple
D:4:      layout_basic, grunt_temple_overflow_open
D:5:      layout_basic, uniq_grinder
D:6:      layout_rooms

Skill      XL: |  1  2  3  4  5  6  7  8 |
---------------+-------------------------+-----
Stealth        | 5 6 7 8 9 |  9.8
Dodging        | 3 |  3.9
Spellcasting   | 3 4 5 |  5.7
Short Blades   | 2 3 4 |  4.0
Hexes          | 4 5 |  5.9
Ice Magic      | 1 2 3 |  3.0
Fighting       | 1 |  1.4

Action                   |  1- 3 |  4- 6 |  7- 9 || total
-------------------------+-------+-------+-------++-------
Melee: Dagger            |   105 |   136 |    63 ||   304
       Punch             |     1 |     1 |     1 ||     3
       Unarmed           |       |     7 |       ||     7
 Cast: Ensorcelled Hiber |    10 |    50 |    40 ||   100
       Confusing Touch   |       |     4 |       ||     4
       Tukima's Dance    |       |     1 |       ||     1
       Dazzling Flash    |       |       |     2 ||     2
  Use: Potion            |       |     1 |       ||     1
 Stab: Sleeping          |     9 |    35 |    18 ||    62
       Invisible         |       |     2 |       ||     2
       Confused          |       |     3 |       ||     3
       Distracted        |       |     2 |       ||     2
Armor: Robe              |     6 |    12 |     1 ||    19
       Skin              |       |    17 |       ||    17
Dodge: Dodged            |    71 |   108 |    51 ||   230

Table legend: (Time is in decaauts)
 A = Elapsed time spent in this place.
 B = Non-inter-level travel time spent in this place.
 C = Inter-level travel time spent in this place.
 D = Time resting spent in this place.
 E = Time spent auto-exploring this place.
 F = Levels seen in this place.
 G = Mean time per level.
                   A        B        C        D        E       F      G
               +--------+--------+--------+--------+--------+-----+--------+
         Total |  10115 |   9968 |    147 |   6766 |   1998 |   6 | 1685.8 |
       Dungeon |  10115 |   9968 |    147 |   6766 |   1998 |   6 | 1685.8 |
               +--------+--------+--------+--------+--------+-----+--------+

Top non-repeatable levels by time:
     D:5: 2726 daAuts
     D:3: 2594 daAuts
     D:4: 2242 daAuts
     D:1: 2011 daAuts
     D:6: 361 daAuts
     D:2: 181 daAuts
